 Dungeon Crawl Stone Soup version 0.31-a0-1620-gcbf77bbcfc (webtiles) character file.

Game seed: 7681018118548969946

61194 zenocrate the Unseen (level 15, -1/73 HPs)
             Began as a Vine Stalker Enchanter on Jan 11, 2024.
             Was an Initiate of Gozag.
             Slain by an ice devil (16 damage)
             ... summoned by an orc high priest
             ... on level 2 of the Orcish Mines.
             The game lasted 00:34:14 (19438 turns).

zenocrate the Unseen (Vine Stalker Enchanter)      Turns: 19438, Time: 00:34:14

Health: -1/73      AC: 12    Str: 11    XL:     15   Next: 2%
Magic:  0/21       EV: 18    Int: 15    God:    Gozag
Gold:   1344       SH:  0    Dex: 22    Spells: 5/20 levels left

rFire   + + .        b - +6 dagger (venom)
rCold   . . .        P - orb {guile}
rNeg    . . .        u - +0 acid dragon scales
rPois   +            T - +0 helmet
rElec   .            r - +1 cloak
rCorr   +            i - +0 pair of gloves
SInv    .            N - +0 pair of boots
Will    .....        A - amulet of magic regeneration
Stlth   ++++++       C - ring "Libaczuw" {rPois rF+ rCorr}
HPRegen 1.12/turn    z - ring "Xoejikk" {rF+ Slay+3}
MPRegen 0.57/turn

%: guardian spirit
@: gold aura
A: fangs 3, regeneration 1, magic shield, antimagic bite, no potion heal 2
a: Renounce Religion, Potion Petition, Call Merchant, Bribe Branch


You were on level 2 of the Orcish Mines.
You worshipped Gozag.
Gozag was most pleased with you.
You visited 4 branches of the dungeon, and saw 19 of its levels.

You collected 5672 gold pieces.
You spent 1263 gold pieces at shops.
You paid 3065 gold pieces to Gozag.

Inventory:

Hand Weapons
 a - a +0 rapier
 b - a +6 dagger of venom (weapon)
Missiles
 n - 42 poisoned darts (quivered)
 v - 23 boomerangs
 G - 4 curare-tipped darts
 H - 6 javelins
 R - a throwing net
Armour
 i - a +0 pair of gloves (worn)
 r - a +1 cloak (worn)
 u - +0 acid dragon scales (worn)
 N - a +0 pair of boots (worn)
 P - an orb of guile (worn)
 T - a +0 helmet (worn)
Jewellery
 k - the ring "Owkupopp" {rElec rPois Str-4 Dex+4}
   (You found it on level 2 of the Orcish Mines)

   [ring of poison resistance]

   Str-4:     It affects your strength (-4).
   Dex+4:     It affects your dexterity (+4).
   rElec:     It insulates you from electricity.
   rPois:     It protects you from poison
 x - a ring of flight
 z - the ring "Xoejikk" (right hand) {rF+ Slay+3}
   (You bought it in a shop on level 1 of the Lair of Beasts)

   [ring of protection from fire]

   Slay+3:    It affects your accuracy & damage with ranged weapons and melee
   (+3).
   rF+:       It protects you from fire.
 A - an amulet of magic regeneration (around neck)
 C - the ring "Libaczuw" (left hand) {rPois rF+ rCorr}
   (You bought it in a shop on level 1 of the Lair of Beasts)

   [ring of poison resistance]

   rF+:       It protects you from fire.
   rPois:     It protects you from poison rCorr: It protects you from acid and
   corrosion.
 E - a ring of ice
 K - a ring of positive energy
Wands
 h - a wand of iceblast (3)
 y - a wand of flame (9)
 I - a wand of mindburst (6)
 S - a wand of charming (3)
Scrolls
 f - 2 scrolls of fog
 j - 2 scrolls of vulnerability {unknown}
 m - 2 scrolls of blinking
 q - a scroll of noise {unknown}
 w - a scroll of enchant armour {unknown}
 B - 2 scrolls of immolation
 D - 2 scrolls of butterflies {unknown}
 F - 2 scrolls of poison {unknown}
 O - 2 scrolls of revelation {unknown}
 U - a scroll of torment {unknown}
Potions
 c - a potion of invisibility
 d - a potion of brilliance
 e - 3 potions of curing
 s - a potion of attraction
 t - 3 potions of cancellation
 J - 4 potions of enlightenment
 Q - 2 potions of ambrosia
 V - 2 potions of lignification
 W - 2 potions of might {unknown}
 X - 2 potions of haste {unknown}


   Skills:
 - Level 5.6 Fighting
 - Level 11.2 Short Blades
 + Level 4.3 Throwing
 - Level 3.6 Armour
 + Level 10.2 Dodging
 * Level 15.4 Stealth
 - Level 3.3 Spellcasting
 + Level 12.1 Hexes
 - Level 4.5 Ice Magic
 - Level 4.0 Evocations


You had 5 spell levels left.
You knew the following spells:

 Your Spells              Type           Power      Damage    Failure   Level
a - Ensorcelled Hibernat  Hex/Ice        54%        N/A       1%          2
b - Confusing Touch       Hex            38%        N/A       1%          3
c - Tukima's Dance        Hex            38%        N/A       1%          3
d - Enfeeble              Hex            19%        N/A       86%         7

Your spell library contained the following spells:

 Spells                   Type           Power      Damage    Failure   Level
 Jinxbite                 Hex            76%        N/A       1%          2
 Dazzling Flash           Conj/Hex       40%        N/A       8%          3
 Kiss of Death            Conj/Necr      8%         2d6       28%         1
 Summon Small Mammal      Summ           8%         N/A       28%         1
 Yara's Violent Unravell  Hex/Alch       10%        3d6       56%         5
 Call Canine Familiar     Summ           2%         N/A       65%         3
 Volatile Blastmotes      Fire/Tloc      4%         2d10      65%         3
 Brom's Barrelling Bould  Conj/Erth      2%         2d3       96%         4
 Dispel Undead            Necr           2%         3d7       96%         4
 Fulminant Prism          Conj/Alch      1%         3d5       96%         4
 Iskenderun's Mystic Bla  Conj/Tloc      2%         2d3       96%         4
 Summon Blazeheart Golem  Fire/Summ      2%         N/A       96%         4
 Fireball                 Conj/Fire      1%         3d3       100%        5
 Iskenderun's Battlesphe  Conj           2%         2d6       100%        5
 Conjure Ball Lightning   Conj/Air       1%         3x3d6     100%        6
 Orb of Destruction       Conj           1%         9d5       100%        7


Dungeon Overview and Level Annotations

Branches:
Dungeon (11/15)            Temple (1/1) D:5            Lair (5/5) D:10
  Swamp (0/4) Lair:2       Spider (0/4) Lair:2        Slime (0/5) Lair:4
    Orc (2/2) D:11            Elf (0/3) Orc:2

Altars:
Ashenzari
Cheibriados
Dithmenos
Elyvilon
Fedhas
Gozag
Hepliaklqana
Kikubaaqudgha
Makhleb
Nemelex Xobeh
Okawaru
Qazlal
Ru
Sif Muna
Trog
Uskayaw
Vehumet
Wu Jian
Xom
Yredelemnul
Zin
The Shining One

Shops:
D:2 (   D:9 =   Lair:1 =((

Annotations:
D:10 exclusion: ice statue


Innate Abilities, Weirdness & Mutations

You have razor-sharp teeth.
Your natural rate of healing is unusually fast.
When hurt, damage is shared between your health and your magic reserves.
Your bite disrupts and absorbs the magic of your enemies.
Potions cannot restore your health.


Message History

Pain shoots through your body! The orc misses you.
Unknown command.
You barely miss the orc. You bite the orc.
You kill the orc!
Unknown command.
You closely miss the ice devil. Your bite misses the ice devil.
You kill the orc warrior!
The orc high priest closely misses you.
The orc priest looks satisfied for a moment.
Unknown command.
The ice devil attacks as it pursues you!
The ice devil hits you! The ice devil freezes you!
The orc priest is distracted by your dazzling golden aura.
The orc priest shouts!
Okay, then.
Okay, then.
Okay, then.
Unknown command.
Unknown command.
The orc priest is no longer distracted by gold. x2
The ice devil attacks as it pursues you!
The ice devil misses you.
The orc high priest attacks as it pursues you!
The orc high priest misses you.
The orc priest calls down the wrath of Beogh upon you.
Beogh smites you!
* * * LOW HITPOINT WARNING * * *
Unknown command.
Okay, then.
The neqoxec is distracted by your dazzling golden aura.
The ice devil attacks as it pursues you!
The ice devil closely misses you.
The orc priest casts a cantrip, but nothing happens.
Unknown command.
The ice devil attacks as it pursues you!
The ice devil hits you!
* * * LOW HITPOINT WARNING * * *
The ice devil freezes you!!
You die...
Your body crumbles into a pile of gold.

...........# .......#
......####.## .....#
....### ##.# #3..# #...#
#### ##4..#
###'######..### ##.o.##
.##.##.[.#..'.# #o$..#
)##.##...#..#.###...##
###.###=#####.##4o..#
......#.......##@o.## .
##'##.#....#####...# ..
#)..#.#....#..##..##...
#.[.#......'..#)..#....
#####.####.#..#.........
......#))#.####........#
#))...#).'.####.8...8...
#..⌠..#..#....'.........
#)))..####.####.8...8...


You could see an orc high priest, an ice devil (summoned), a neqoxec (summoned,
unaware), a red devil (summoned), 2 orc priests and an orc.

Vanquished Creatures
  Gastronok (Lair:1)
  An orc warlord (Orc:2)
  Snorg (Orc:1)
  Fannar (Lair:2)
  2 hydras
  Erica (Orc:1)
  4 two-headed ogres (Orc:2)
  A boulder beetle (Lair:4)
  11 death yaks
  A skyshark (Lair:5)
  Nergalle (Orc:1)
  A wolf spider (Lair:2)
  A manticore (D:11)
  4 orc sorcerers
  5 oklob plants (Lair:3)
  A cyclops (D:11)
  An ugly thing (D:10)
  4 elephants
  2 kobold blastminers (Orc:2)
  6 black mambas
  14 cane toads
  A gargoyle (D:10)
  Jeremiah (D:9)
  An unseen horror (D:10)
  6 komodo dragons
  Maggie (D:7)
  3 rime drakes
  6 polar bears
  3 trolls (Orc:2)
  3 hornets (Lair:5)
  A tarantella (Lair:2)
  15 blink frogs
  2 dream sheep (Lair:5)
  A shadow (D:10)
  Sigmund (D:2)
  12 spriggans (Lair:5)
  2 wyverns
  A warg (Orc:2)
  48 yaks
  A basilisk (Lair:3)
  2 steam dragons
  9 vampire mosquitoes
  Duvessa (D:5)
  12 water moccasins
  An acid dragon (D:10)
  A swamp drake (D:11)
  26 orc warriors
  4 black bears
  8 ogres
  4 boggarts (Lair:5)
  3 centaurs
  27 wolves
  A phantom (D:7)
  13 bullfrogs
  3 kobold brigands
  2 scorpions (D:5)
  2 gnoll sergeants
  5 wights (D:7)
  Dowan (D:5)
  6 killer bees (D:10)
  2 howler monkeys
  5 jellies
  3 bombardier beetles
  4 hounds
  Crazy Yiuf (D:2)
  27 orc priests
  2 iguanas
  25 orc wizards
  A sleepcap (D:4)
  7 hell rats (Lair:2)
  9 gnolls
  7 adders
  2 shadow imps (D:7)
  A white imp (D:5)
  6 dart slugs
  A ribbon worm (D:4)
  82 orcs
  10 bats
  8 endoplasms
  5 giant cockroaches
  13 goblins
  11 hobgoblins
  2 jackals (D:2)
  A quokka (D:1)
  4 ball pythons
  4 frilled lizards
  14 kobolds
  6 rats
  A butterfly (Lair:4)
568 creatures vanquished.

Vanquished Creatures (others)
  An orc priest (Orc:2)
  2 orcs
3 creatures vanquished.

Grand Total: 571 creatures vanquished

Notes
Turn   | Place    | Note
-------+----------+-------------------------------------------
     0 | D:1      | zenocrate the Vine Stalker Enchanter began the quest for
                  | the Orb.
     0 | D:1      | Reached XP level 1. HP: 9/9 MP: 4/4
   114 | D:1      | Reached skill level 1 in Short Blades
   172 | D:1      | Reached XP level 2. HP: 13/13 MP: 4/6
   188 | D:1      | Learned a level 2 spell: Ensorcelled Hibernation
   278 | D:1      | Reached skill level 4 in Stealth
   554 | D:1      | Reached XP level 3. HP: 16/16 MP: 7/7
   629 | D:1      | Learned a level 3 spell: Confusing Touch
   662 | D:2      | Found Ymaqoic's Weapon Boutique.
  1000 | D:2      | Noticed Sigmund
  1010 | D:2      | Killed Sigmund
  1011 | D:2      | Reached skill level 5 in Stealth
  1011 | D:2      | Reached skill level 1 in Ice Magic
  1011 | D:2      | Reached XP level 4. HP: 16/21 MP: 5/9
  1011 | D:2      | Reached XP level 5. HP: 19/24 MP: 5/10
  1270 | D:2      | Found a runed translucent door.
  1271 | D:2      | Noticed Crazy Yiuf
  1507 | D:2      | Killed Crazy Yiuf
  1508 | D:2      | Reached XP level 6. HP: 6/28 MP: 2/11
  1589 | D:2      | Learned a level 3 spell: Tukima's Dance
  2047 | D:3      | Found a faded altar of an unknown god.
  2289 | D:4      | Reached XP level 7. HP: 31/32 MP: 9/13
  2704 | D:5      | Entered Level 5 of the Dungeon
  2728 | D:5      | Noticed Duvessa
  2728 | D:5      | Noticed Dowan
  2751 | D:5      | Killed Duvessa
  2755 | D:5      | Killed Dowan
  2756 | D:5      | Reached skill level 1 in Fighting
  2801 | D:5      | Reached skill level 6 in Stealth
  2974 | D:5      | Gained mutation: You have razor-sharp teeth. [Vine Stalker
                  | growth]
  2974 | D:5      | Reached XP level 8. HP: 37/37 MP: 14/14
  3051 | D:5      | Found a staircase to the Ecumenical Temple.
  3123 | Temple   | Entered the Ecumenical Temple
  3133 | Temple   | Became a worshipper of Gozag Ym Sagoz the Greedy
  5015 | D:7      | You fall into a shaft and drop 1 floor!
  5026 | D:8      | Reached skill level 5 in Hexes
  5255 | D:8      | Reached skill level 7 in Stealth
  5400 | D:7      | Noticed Maggie
  5426 | D:7      | Killed Maggie
  5427 | D:7      | Reached skill level 1 in Evocations
  5427 | D:7      | Reached XP level 9. HP: 7/42 MP: 3/15
  6314 | D:8      | Reached skill level 5 in Dodging
  6317 | D:8      | Reached skill level 8 in Stealth
  6422 | D:8      | Reached skill level 5 in Short Blades
  6919 | D:9      | Reached XP level 10. HP: 28/46 MP: 11/16
  7038 | D:9      | Reached skill level 9 in Stealth
  7141 | D:9      | Reached skill level 1 in Armour
  7142 | D:9      | Found Lous's Jewellery Boutique.
  7405 | D:9      | Noticed Jeremiah
  7416 | D:9      | Killed Jeremiah
  7978 | D:10     | Entered Level 10 of the Dungeon
  8007 | D:10     | Killed an unseen horror
  8104 | D:10     | Reached skill level 10 in Stealth
  8122 | D:10     | Reached XP level 11. HP: 41/50 MP: 5/17
  8391 | D:10     | Noticed a brown ugly thing
  8393 | D:10     | Found a staircase to the Lair.
  8400 | D:10     | Killed a brown ugly thing
  8561 | D:10     | Found a white marble altar of Elyvilon.
  8804 | D:10     | Found the +3 salamander hide armour {Flames, rFlCloud rF++
                  | rC--}
  9153 | Lair:1   | Entered Level 1 of the Lair of Beasts
  9262 | Lair:1   | Noticed Gastronok
  9284 | Lair:1   | Killed Gastronok
  9381 | Lair:1   | Identified the +5 whip "Zykkynig" {protect, Str+2 Dex+4}
  9921 | Lair:1   | Reached skill level 11 in Stealth
  9927 | Lair:1   | Reached skill level 1 in Throwing
 10636 | Lair:2   | Found a hole to the Spider Nest.
 10636 | Lair:2   | Noticed a wolf spider
 10651 | Lair:2   | Killed a wolf spider
 10804 | Lair:2   | You are sucked into a shaft and drop 2 floors!
 10804 | Lair:4   | Found a staircase to the Slime Pits.
 10822 | Lair:4   | Reached XP level 12. HP: 23/54 MP: 12/18
 11152 | Lair:4   | Noticed a four-headed hydra
 11169 | Lair:4   | Killed a four-headed hydra
 11287 | Lair:4   | Noticed a boulder beetle
 11298 | Lair:4   | Killed a boulder beetle
 11387 | Lair:4   | Reached skill level 12 in Stealth
 12346 | Lair:2   | Noticed a seven-headed hydra
 12350 | Lair:2   | Noticed Fannar
 12654 | Lair:2   | Killed Fannar
 12709 | Lair:2   | Killed a seven-headed hydra
 12764 | Lair:2   | Found a staircase to the Swamp.
 12863 | Lair:2   | Reached skill level 10 in Hexes
 12877 | Lair:2   | Reached XP level 13. HP: 58/58 MP: 15/19
 13462 | Lair:3   | Reached skill level 13 in Stealth
 14490 | Lair:3   | Learned a level 7 spell: Enfeeble
 14560 | Lair:5   | Entered Level 5 of the Lair of Beasts
 15081 | Lair:5   | Reached skill level 14 in Stealth
 15149 | Lair:5   | Reached skill level 10 in Short Blades
 15161 | Lair:5   | Reached XP level 14. HP: 67/67 MP: 20/20
 15285 | Lair:5   | Reached skill level 5 in Fighting
 17289 | D:11     | Found a staircase to the Orcish Mines.
 17643 | Lair:1   | Bought the ring "Xoejikk" {rF+ Slay+3} for 669 gold pieces
 17643 | Lair:1   | Bought the ring "Libaczuw" {rPois rF+ rCorr} for 594 gold
                  | pieces
 17795 | Orc:1    | Entered Level 1 of the Orcish Mines
 17837 | Orc:1    | Paralysed by an orc sorcerer for 5 turns
 17838 | Orc:1    | Noticed Nergalle
 17840 | Orc:1    | Noticed Erica
 17844 | Orc:1    | HP: 1/69 [orc priest/divine providence (11)]
 17847 | Orc:1    | Noticed Snorg
 17917 | Orc:1    | Killed Snorg
 18088 | Orc:2    | Entered Level 2 of the Orcish Mines
 18405 | Orc:1    | Reached skill level 10 in Dodging
 18405 | Orc:1    | Killed Nergalle
 18406 | Orc:1    | Reached skill level 15 in Stealth
 18413 | Orc:1    | Killed Erica
 19031 | Orc:2    | Noticed an orc warlord
 19043 | Orc:2    | Killed an orc warlord
 19135 | Orc:2    | Identified the ring "Owkupopp" {rElec rPois Str-4 Dex+4}
 19240 | Orc:2    | Reached XP level 15. HP: 66/73 MP: 21/21
 19323 | Orc:2    | Found a staircase to the Elven Halls.
 19438 | Orc:2    | Slain by an ice devil

Illustrated notes

Levels and vault maps discovered:
D:1:      eino_arrival_cavern_e, layout_rooms
D:2:      layout_basic, serial_shops, shop, uniq_crazy_yiuf_cottage,
          uniq_sigmund
D:3:      layout_rooms, ebering_ecumenical_altar_ruins
D:4:      layout_cave_pools
D:5:      layout_basic, minmay_temple_entry_glassed_door, abandoned_shop,
          uniq_duvessa
D:6:      layout_layer_cave
D:7:      layout_basic, uniq_maggie
D:8:      layout_rooms, minivault_11, nicolae_benzene_ring
D:9:      layout_loops_corners, serial_shops, shop, hangedman_decor_points,
          uniq_jeremiah
D:10:     layout_basic, elyvilon_altar_3, lair_entry_dummy, minivault_15,
          st_stairs_11
D:11:     layout_stronghold, erik_orc_1
Temple:   mainiacjoe_temple_circle_huts
Lair:1:   layout_layer_cave, infiniplex_staircase_pool_2, uniq_gastronok
Lair:2:   layout_big_grid, minmay_swamp_entry_swarm, spider_nest_entry_rubble,
          uniq_fannar
Lair:3:   layout_cave_pods, dpeg_oklob_1, lemuel_fruit_fields
Lair:4:   layout_regular_city, nicolae_slime_entry_slimehenge, minivault_26,
          serial_bayou_pond_c, serial_bayou_shore_a, serial_bayou_shore_b,
          lemuel_fruit_fields
Lair:5:   minmay_lair_end_enchanted_forest, layout_regular_city,
          nicolae_lair_lil_pond
Orc:1:    layout_caves, uniq_erica, uniq_snorg, uniq_nergalle
Orc:2:    pubby_orc_utopia

Skill      XL: |  1  2  3  4  5  6  7  8  9 10 11 12 13 14 |
---------------+-------------------------------------------+-----
Short Blades   | 1 2 3 4 5 6 7 9 10 11 | 11.2
Stealth        | 4 5 6 7 8 10 11 12 14 15 | 15.4
Dodging        | 2 3 4 5 6 7 8 9 10 | 10.2
Ice Magic      | 1 2 3 4 |  4.5
Spellcasting   | 3 |  3.3
Hexes          | 4 5 6 7 8 10 11 12 | 12.1
Fighting       | 1 4 5 |  5.6
Evocations     | 1 3 4 |  4.0
Armour         | 2 3 |  3.6
Throwing       | 2 3 4 |  4.3

Action                     |  1- 3 |  4- 6 |  7- 9 | 10-12 | 13-15 || total
---------------------------+-------+-------+-------+-------+-------++-------
  Melee: Dagger            |   112 |    79 |   268 |   392 |   668 ||  1519
         Bite              |    28 |    30 |    83 |   129 |   270 ||   540
         Punch             |     1 |     2 |     5 |       |       ||     8
         Rapier            |       |    16 |       |       |       ||    16
  Throw: Dart              |       |       |       |     1 |       ||     1
   Cast: Ensorcelled Hiber |       |       |    30 |    93 |   169 ||   292
         Confusing Touch   |       |       |     5 |    11 |    15 ||    31
         Tukima's Dance    |       |       |       |     1 |     1 ||     2
 Invoke: Potion Petition   |       |       |     1 |       |     1 ||     2
         Call Merchant     |       |       |       |     1 |     2 ||     3
  Evoke: Wand              |       |       |     2 |     1 |    16 ||    19
    Use: Scroll            |     4 |     1 |     7 |     5 |     9 ||    26
         Potion            |     1 |       |     5 |     5 |     6 ||    17
   Stab: Sleeping          |     7 |     6 |    20 |    80 |   117 ||   230
         Invisible         |       |       |     1 |       |    16 ||    17
         Distracted        |       |       |     1 |       |    10 ||    11
         Confused          |       |       |       |     9 |    17 ||    26
 Armour: Robe              |    16 |       |       |       |       ||    16
         Ring mail         |    43 |    46 |    84 |       |       ||   173
         Skin              |       |       |    15 |       |       ||    15
         Swamp dragon scal |       |       |    62 |   231 |    86 ||   379
         Acid dragon scale |       |       |       |       |   252 ||   252
  Dodge: Dodged            |    69 |    39 |   124 |   216 |   410 ||   858

Table legend: (Time is in decaauts)
 A = Elapsed time spent in this place.
 B = Non-inter-level travel time spent in this place.
 C = Inter-level travel time spent in this place.
 D = Time resting spent in this place.
 E = Time spent auto-exploring this place.
 F = Levels seen in this place.
 G = Mean time per level.
                   A        B        C        D        E       F      G
               +--------+--------+--------+--------+--------+-----+--------+
         Total |  18993 |  17721 |   1272 |    266 |  13534 |  19 |  999.6 |
       Dungeon |  10053 |   9434 |    619 |    107 |   7560 |  11 |  913.9 |
        Temple |     20 |      2 |     18 |      0 |      0 |   1 |   20.0 |
          Lair |   7385 |   6777 |    608 |    159 |   4917 |   5 | 1477.0 |
  Orcish Mines |   1534 |   1509 |     25 |      0 |   1057 |   2 |  767.0 |
               +--------+--------+--------+--------+--------+-----+--------+

Top non-repeatable levels by time:
  Lair:1: 1836 daAuts
  Lair:4: 1630 daAuts
  Lair:5: 1624 daAuts
  Lair:3: 1451 daAuts
     D:6: 1414 daAuts
     D:9: 1309 daAuts
    D:10: 1230 daAuts
     D:2: 968 daAuts
     D:7: 965 daAuts
    D:11: 958 daAuts
  Lair:2: 842 daAuts
   Orc:2: 815 daAuts
     D:5: 756 daAuts
     D:8: 735 daAuts
   Orc:1: 719 daAuts
